 Dungeon Crawl Stone Soup version 0.30-a0-297-g0ec75d9ef4 (webtiles) character file.

Game seed: 11453898375611891081

38 910rd the Scratcher (level 3, 17/17 HPs)
             Began as a Felid Transmuter on Oct 19, 2022.
             Quit the game on level 3 of the Dungeon.
             The game lasted 00:05:15 (1161 turns).

910rd the Scratcher (Felid Transmuter)              Turns: 1161, Time: 00:05:16

Health: 17/17      AC:  1    Str:  8    XL:     3   Next: 25%
Magic:  7/7        EV: 21    Int: 14    God:
Gold:   43         SH:  0    Dex: 16    Spells: 5/6 levels left
                                        Lives:  0   Deaths: 1

rFire   . . .      SeeInvis +      - Unarmed
rCold   . . .      Faith    .    (shield unavailable)
rNeg    . . .      Spirit   .    (body armour unavailable)
rPois   .          Reflect  .    (helmet unavailable)
rElec   .          Harm     .    (cloak unavailable)
rCorr   .          Rampage  .    (gloves unavailable)
Will    .....                    (boots unavailable)
Stlth   +.........               (no amulet)
HPRegen 0.22/turn                c - +4 ring of evasion
MPRegen 0.10/turn                (no ring)

@: quick
A: very small, claws 1, fangs 3, see invisible, speed 1, shaggy fur 1, stealthy
paws, no weapons or thrown items, no armour, multi-lived
a: no special abilities


You were on level 3 of the Dungeon.
You visited 1 branch of the dungeon, and saw 3 of its levels.

You collected 43 gold pieces.

Inventory:

Jewellery
 c - a +4 ring of evasion (left paw)
Scrolls
 f - a scroll of enchant armour {unknown}
 g - 2 scrolls of blinking {unknown}
 h - a scroll of teleportation {unknown}
 j - a scroll of identify {unknown}
 k - a scroll of enchant weapon {unknown}
Potions
 a - a potion of lignification
 b - a potion of attraction {unknown}
 d - a potion of haste {unknown}
 e - a potion of curing {unknown}
 i - a potion of flight {unknown}


   Skills:
 - Level 3.0 Fighting
 - Level 2.6 Dodging
 - Level 4.1 Unarmed Combat
 - Level 2.0 Spellcasting
 - Level 2.1 Transmutations
 + Level 0.1 Poison Magic


You had 5 spell levels left.
You knew the following spells:

 Your Spells              Type           Power      Damage    Failure   Level
a - Beastly Appendage     Tmut           14%        N/A       10%         1

Your spell library contained the following spells:

 Spells                   Type           Power      Damage    Failure   Level
 Wereblood                Tmut           7%         N/A       14%         2
 Spider Form              Tmut/Pois      4%         N/A       41%         3
 Ice Form                 Ice/Tmut       4%         N/A       83%         4


Dungeon Overview and Level Annotations

Branches:
Dungeon (3/15) Zot: 23010

Altars:
Nemelex Xobeh

Annotations:
D:2 Sigmund


Innate Abilities, Weirdness & Mutations

You have sharp claws.
You have razor-sharp teeth.
You have supernaturally acute eyesight. (SInv)
You cover ground quickly. (Speed+)
You are covered in fur. (AC +1)
Your paws help you pounce on unaware monsters.
You are incapable of wielding weapons or throwing items.
You cannot wear armour.
You gain extra lives every three experience levels.


Message History

An orc comes into view. It is wielding a +0 club.
The orc priest shouts!
The orc priest misses you.
An orc comes into view. It is wielding a +0 hand axe.
You scratch the orc priest. Your bite misses the orc priest.
The orc priest is moderately wounded.
Your transformation is almost over.
An orc comes into view. It is wielding a +0 mace.
The orc priest hits you with a +0 club.
You take 6 damage, and have 15/21 hp.
MASSIVE DAMAGE!!
MP restored: 8
Casting: Beastly Appendage (safe; 10% risk of failure)
Confirm with . or Enter, or press ? or * to list all spells.
You extend your transformation's duration.
You now have 7/8 mp.
You scratch the orc priest.
The orc priest is heavily wounded.
The orc priest completely misses you.
You barely miss the orc priest. Your headbutt misses the orc priest.
The orc priest is heavily wounded.
The orc priest hits you with a +0 club.
* * * LOW HITPOINT WARNING * * *
You take 3 damage, and have 12/21 hp.
You scratch the orc priest but do no damage.
Your claw misses the orc priest. Your bite misses the orc priest.
The orc priest is heavily wounded.
The orc priest mumbles some strange prayers to Beogh against you.
Pain shoots through your body!
Ouch! That really hurt!
You die...
Your shape twists and changes as you die.
You are now level 3!
Your horns disappear.
You rejoin the land of the living...
Found 8 gold pieces.
Health restored: 17 Unknown command.
Unknown command.
Unknown command.
Are you sure you want to abandon this character and quit the game? (Confirm with "yes".)

#. #. #. #.
#. #. #
#.###.##.#
#.....@..#
##....$...#
#.##.#...#
# #.......
##....###
#.#..#
#.###.##.#
#...oJo..#
#####o####
#+#


There were no monsters in sight!

Vanquished Creatures
  A hound (D:1)
  An adder (D:2)
  2 worms (D:2)
  2 dart slugs
  3 ball pythons (D:2)
  6 bats (D:1)
  A giant cockroach (D:1)
  2 goblins
  5 hobgoblins
  3 jackals (D:1)
  2 quokkas
  A frilled lizard (D:1)
  3 kobolds
  A rat (D:1)
33 creatures vanquished.

Notes
Turn   | Place    | Note
-------+----------+-------------------------------------------
     0 | D:1      | 910rd the Felid Transmuter began the quest for the Orb.
     0 | D:1      | Reached XP level 1. HP: 9/9 MP: 4/4
   127 | D:1      | Reached XP level 2. HP: 13/13 MP: 4/6
   589 | D:2      | Reached XP level 3. HP: 17/17 MP: 5/7
   722 | D:2      | Noticed Sigmund
   744 | D:1      | Reached skill level 4 in Unarmed Combat
   744 | D:1      | Reached XP level 4. HP: 19/21 MP: 6/8
   937 | D:2      | Found a sparkling altar of Nemelex Xobeh.
  1160 | D:3      | Killed from afar by an orc priest
  1161 | D:3      | Reached XP level 3. HP: 0/17 MP: 7/7
  1161 | D:3      | Quit the game

Illustrated notes

Levels and vault maps discovered:
D:1:      heliophobic_arrival_glass_houses, layout_rooms, roderic_filled_cross
D:2:      layout_rooms, basic_altar, uniq_sigmund
D:3:      layout_loops_corners, nzn_wu_jian_contemplation, serial_bayou_pond_d,
          amcnicky_mini_pool_small, uniq_crazy_yiuf_cottage

Skill      XL: |  1  2  3 |
---------------+----------+-----
Fighting       | 2 3 |  3.0
Unarmed Combat | 4 |  4.1
Dodging        | |  2.6
Spellcasting   | |  2.0
Transmutations | |  2.1
Poison Magic   | |  0.1

Action                   |  1- 3 |  4- 6 || total
-------------------------+-------+-------++-------
Melee: Unarmed           |    82 |    20 ||   102
       Headbutt          |    15 |     2 ||    17
       Bite              |     8 |     1 ||     9
       Punch             |     3 |       ||     3
 Cast: Beastly Appendage |    17 |     4 ||    21
 Stab: Sleeping          |     1 |       ||     1
Armor: Skin              |     6 |       ||     6
Dodge: Dodged            |    92 |    17 ||   109

Table legend: (Time is in decaauts)
 A = Elapsed time spent in this place.
 B = Non-inter-level travel time spent in this place.
 C = Inter-level travel time spent in this place.
 D = Time resting spent in this place.
 E = Time spent auto-exploring this place.
 F = Levels seen in this place.
 G = Mean time per level.
                   A        B        C        D        E       F      G
               +--------+--------+--------+--------+--------+-----+--------+
         Total |    989 |    957 |     32 |     74 |    563 |   3 |  329.7 |
       Dungeon |    989 |    957 |     32 |     74 |    563 |   3 |  329.7 |
               +--------+--------+--------+--------+--------+-----+--------+

Top non-repeatable levels by time:
     D:1: 531 daAuts
     D:2: 355 daAuts
     D:3: 102 daAuts
